 Dungeon Crawl Stone Soup version 0.18-a0-596-g6468885 (webtiles) character file.

461 Korkiloff the Gusty (level 7, -1/57 HPs)
             Began as a Naga Air Elementalist on Dec 3, 2015.
             Slain by a slave (7 damage)
             ... led by Pikel
             ... on level 4 of the Dungeon.
             The game lasted 00:28:46 (2879 turns).

Korkiloff the Gusty (Naga Air Elementalist)         Turns: 2879, Time: 00:28:46

Health: -1/57      AC:  6    Str:  9    XL:     7   Next: 7%
Magic:  0/11       EV: 11    Int: 17    God:
Gold:   173        SH:  0    Dex: 11    Spells: 4 memorised, 4 levels left

rFire  . . .     SeeInvis +     A - +0 short sword
rCold  . . .     Clarity  .     a - +0 robe
rNeg   . . .     SustAt   +     (no shield)
rPois  +         Gourm    .     (no helmet)
rElec  .         Spirit   .     m - +0 cloak
rCorr  +         Dismiss  .     (no gloves)
rMut   .         Stasis   .     (no barding)
MR     .....                    d - amulet of resist corrosion
Stlth  +++.......               (no ring)
                                j - ring of sustain attributes

@: flying, very slightly contaminated, very slow, not resistant to hostile
enchantments, fairly stealthy
A: slimy green scales 1, see invisible, deformed body, mutation resistance 1,
poison resistance, slowness 2, slow metabolism 1, spit poison 2, weak 1, AC +2
a: Spit Poison


You were on level 4 of the Dungeon.
You were hungry.

You visited 1 branch of the dungeon, and saw 4 of its levels.

You collected 173 gold pieces.

Inventory:

Hand Weapons
 e - a +0 dagger
 f - a +0 short sword
 i - a +0 dagger
 k - a cursed +0 dagger
 n - a +0 dagger
 p - a +0 dagger
 r - a +0 dagger
 u - a +0 dagger
 v - a +0 dagger
 x - a +0 dagger
 z - a +0 dagger
 A - a +0 short sword (weapon)
 C - a +0 war axe
 E - a +0 war axe
Missiles
 g - 17 bolts of frost
 s - 10 poisoned needles
 y - 7 tomahawks
 D - 2 javelins (quivered)
Armour
 a - a +0 robe (worn)
 l - a +0 leather armour
 m - a +0 cloak (worn)
 q - a +0 robe
 w - a +0 robe
 B - a +0 robe
 F - a +0 robe
 K - a +0 leather armour
 N - a +0 scale mail
Jewellery
 d - an amulet of resist corrosion (around neck)
 j - a ring of sustain attributes (left hand)
Scrolls
 h - a scroll of remove curse
 O - 3 scrolls of identify
Books
 b - a book of Air

   Spells                             Type                      Level
   a - Shock                          Conjuration/Air              1
   b - Swiftness                      Charms/Air                   2
   c - Repel Missiles                 Charms/Air                   2
   d - Static Discharge               Conjuration/Air              3
   e - Lightning Bolt                 Conjuration/Air              5
Comestibles
 c - 3 bread rations
 o - 2 meat rations
 I - 3 fruits


   Skills:
 + Level 1.2 Fighting
 + Level 1.1 Short Blades
 + Level 0.6 Throwing
 + Level 3.5 Dodging
 + Level 4.0 Stealth
 + Level 3.2 Spellcasting
 + Level 2.5 Conjurations
 + Level 4.5 Air Magic


You had 4 spell levels left.
You knew the following spells:

 Your Spells              Type           Power        Failure   Level  Hunger
a - Shock                 Conj/Air       ##..         4%          1    None
b - Swiftness             Chrm/Air       ##......     12%         2    ##.....
c - Static Discharge      Conj/Air       ##......     14%         3    ###....
d - Repel Missiles        Chrm/Air       ##....       12%         2    ##.....


Dungeon Overview and Level Annotations

Branches:
Dungeon (4/15)
 Temple: D:4-7

Altars:
Ashenzari
Pakellas


Innate Abilities, Weirdness & Mutations

You cannot wear boots.
Your serpentine skin is tough (AC +2).
You have supernaturally acute eyesight.
Armour fits poorly on your strangely shaped body.
Your system is resistant to poisons.
You cover ground very slowly.
You have a slow metabolism.
You can spit poison.
You are partially covered in slimy green scales (AC +2).
You are somewhat resistant to further mutation.
You are weak. (Str -2)


Message History

Aiming: Shock
Press: ? - help, Shift-Dir - straight line, f/p - slave
Aim: a slave, wearing an animal skin (heavily wounded)
You miscast Shock.
You are very lightly contaminated with residual magic.
Nothing appears to happen.
The slave hits you.
* * * LOW HITPOINT WARNING * * *
You can't do that yet.
Unknown command.
You can't do that yet.
You aren't carrying any items that can be evoked.
Unknown command.
Throwing (i - inventory. (,) - cycle):
D - 3 javelins (quivered)
Press: ? - help, Shift-Dir - straight line, f/p - slave
Aim: a slave, wearing an animal skin (heavily wounded)
You throw a javelin.
The javelin completely misses the slave.
You have got your breath back.
The slave hits you!
You die...

#.# #....# #.# #....# #.#
#....# #.# *##***
#.########******
**#######.........,,,,,****
#,.......>........,,,,,+,,,
#.########...###.,,,,,,****
#.#(.[...p@..# *,,,,,,,*
#....#####...# *,,,,,,,*
###..# #...# *,,,,,,,**##
#..# #...# *,,,,,,,,,..
#..######################
#.........#..............
#.#######.#####.#########
#.................#
*****#########.#####.#.#


You could see a slave.

Vanquished Creatures
  A slave (D:4)
  A centaur zombie (D:3)
  An orc priest (D:3)
  Jessica (D:3)
  A worker ant (D:4)
  5 orc wizards
  An iguana (D:4)
  11 adders
  3 oozes
  2 worms
  2 giant geckos (D:2)
  11 orcs
  5 giant cockroaches
  7 goblins
  5 hobgoblins
  A quokka (D:3)
  A ball python (D:3)
  5 bats
  4 giant newts
  4 jackals
  7 kobolds
  10 rats
89 creatures vanquished.

Notes
Turn   | Place    | Note
--------------------------------------------------------------
     0 | D:1      | Korkiloff the Naga Air Elementalist began the quest for the Orb.
     0 | D:1      | Reached XP level 1. HP: 15/15 MP: 3/3
   146 | D:1      | Reached XP level 2. HP: 22/22 MP: 5/5
   292 | D:1      | Learned a level 2 spell: Swiftness
   408 | D:2      | Reached XP level 3. HP: 20/28 MP: 3/6
   484 | D:2      | Reached XP level 4. HP: 33/36 MP: 3/7
   948 | D:2      | Found an oddly glowing altar of Pakellas.
  1247 | D:2      | Reached XP level 5. HP: 25/43 MP: 7/9
  1512 | D:2      | Learned a level 3 spell: Static Discharge
  1649 | D:3      | Reached skill level 4 in Air Magic
  1788 | D:3      | Found a shattered altar of Ashenzari.
  1911 | D:3      | Learned a level 2 spell: Repel Missiles
  1978 | D:3      | Reached skill level 1 in Fighting
  1978 | D:3      | Reached XP level 6. HP: 33/51 MP: 3/10
  2258 | D:3      | Noticed Jessica
  2266 | D:3      | Killed Jessica
  2266 | D:3      | Reached skill level 1 in Short Blades
  2635 | D:4      | Reached XP level 7. HP: 57/57 MP: 3/11
  2825 | D:4      | Gained mutation: You are partially covered in slimy green scales (AC +2). [potion of beneficial mutation]
  2876 | D:4      | Gained mutation: You are somewhat resistant to further mutation. [potion of mutation]
  2876 | D:4      | Gained mutation: You are weak. (Str -2) [potion of mutation]
  2879 | D:4      | Slain by a slave

Vault maps used:
D:1:      ncdulo_halloftheorcs
D:2:      grunt_pakellas_salt, first_bread
D:3:      old_standard_altar, uniq_jessica
D:4:      fedhas_altar_3, uniq_pikel

Action                   |  1- 3 |  4- 6 |  7- 9 || total
-------------------------+-------+-------+-------++-------
Melee: Dagger            |    14 |   107 |       ||   121
       Short sword       |       |    45 |     9 ||    54
Throw: Javelin           |       |     7 |     1 ||     8
       Tomahawk          |       |     1 |       ||     1
 Cast: Shock             |    27 |    76 |    19 ||   122
       Static Discharge  |       |     3 |     3 ||     6
       Repel Missiles    |       |     1 |       ||     1
       Swiftness         |       |       |     1 ||     1
 Abil: Spit Poison       |    18 |    34 |     6 ||    58
  Use: Scroll            |       |     5 |     2 ||     7
       Potion            |       |     3 |     4 ||     7
 Stab: Sleeping          |       |     5 |       ||     5
  Eat: Chunk             |       |     8 |     1 ||     9
